 Dungeon Crawl Stone Soup version 0.27.1-33-g824d729ab1 (webtiles) character file.

Game seed: 8131302853913035359

116 lonewolfV2 the Covered (level 4, -1/40 HPs)
             Began as a Minotaur Fighter on Dec 15, 2021.
             Slain by an orc wizard (3 damage)
             ... while paralysed by Grinder
             ... on level 3 of the Dungeon.
             The game lasted 00:03:50 (2658 turns).

lonewolfV2 the Covered (Minotaur Fighter)           Turns: 2658, Time: 00:03:50

Health: -1/40      AC:  7    Str: 28    XL:     4   Next: 69%
Magic:  3/3        EV:  2    Int:  5    God:
Gold:   93         SH:  0    Dex:  9    Spells: 3/3 levels left

rFire    + . .     SeeInvis .   g - +2 mace (holy)
rCold    . . .     Faith    .   c - +0 kite shield
rNeg     . . .     Spirit   .   b - +0 scale mail
rPois    .         Reflect  .   (helmet restricted)
rElec    .         Harm     .   (no cloak)
rCorr    .         Rampage  .   (no gloves)
Will     .....                  (no boots)
Stlth    ..........             (no amulet)
HPRegen  0.13/turn              h - +6 ring of strength
MPRegen  0.08/turn              (no ring)

@: paralysed, mighty
A: horns 2, retaliatory headbutt, deterioration 1, fire resistance 1
a: no special abilities


You were on level 3 of the Dungeon.
You visited 1 branch of the dungeon, and saw 3 of its levels.

You collected 93 gold pieces.

Inventory:

Hand Weapons
 a - a +0 flail
 g - a +2 mace of holy wrath (weapon)
Armour
 b - a +0 scale mail (worn)
 c - a +0 kite shield (worn)
Jewellery
 h - a +6 ring of strength (left hand)
Scrolls
 f - a scroll of identify
 i - a scroll of blinking {unknown}


   Skills:
 + Level 4.2 Fighting
 + Level 3.9 Maces & Flails
 + Level 4.8 Armour
 + Level 0.2 Dodging
 + Level 4.3 Shields


You had 3 spell levels left.
You didn't know any spells.
Your spell library contained the following spells:

 Spells                   Type           Power      Damage    Failure   Level
 Tukima's Dance           Hex            0%         N/A       100%        3
 Passage of Golubria      Tloc           N/A        N/A       100%        4
 Yara's Violent Unravell  Hex/Tmut       0%         3d3       100%        5


Dungeon Overview and Level Annotations

Branches:
Dungeon (3/15)

Altars:

Shops:
D:1 [

Annotations:
D:3 Grinder


Innate Abilities, Weirdness & Mutations

You have a pair of horns on your head.
You reflexively headbutt those who attack you in melee.
Your body sometimes deteriorates upon taking damage.
Your flesh is heat resistant. (rF+)


Message History

You resist with significant effort. The endoplasm freezes you.
* * * LOW HITPOINT WARNING * * *
You are very lightly contaminated with residual magic.
It was a potion of cancellation.
Your magical effects are unravelling.
You feel magically purged.
Your magical contamination has completely faded away.
You flicker back into view.
The bat hits you but does no damage.
You hear some strange, mumbled words.
A puff of flame appears from out of thin air!
The puff of flame hits you.
* * * LOW HITPOINT WARNING * * *
The orc wizard hits you but does no damage.
Grinder hits you.
* * * LOW HITPOINT WARNING * * *
The kobold closely misses you. You block the endoplasm's attack.
It was a potion of mutation.
You feel extremely strange.
You feel resistant to heat.
You feel yourself wasting away. You block the bat's attack. Something hits you.
* * * LOW HITPOINT WARNING * * *
You block the orc wizard's attack. Grinder hits you but does no damage.
The endoplasm hits you but does no damage.
The kobold hits you with a +0 dagger.
* * * LOW HITPOINT WARNING * * *
You block the bat's attack.
You feel very mighty all of a sudden. The bat closely misses you.
You block something's attack.
The orc wizard gestures at you while chanting.
You resist with some effort. Grinder gestures at you.
You suddenly lose the ability to move!
The kobold hits you with a +0 dagger.
* * * LOW HITPOINT WARNING * * *
The endoplasm hits you.
* * * LOW HITPOINT WARNING * * *
The orc shouts!
The bat hits you but does no damage. Something hits you but does no damage.
The orc wizard hits you with a +0 dagger.
You die...

#####.#.#
#.......#
#.......#
#.......# #
#.......#.#
#.......#.#
#.........##...
#....J.K.......
#....b@5B..#...
#.....{o.......
###..##o##$#...
#.# #.# .....
... ..# ....
... ..# ...
.... .o# .$.
... .<


You could see Grinder, an orc wizard, 2 orcs, an endoplasm, a giant cockroach, a
bat and a kobold.

Vanquished Creatures
  Terence (D:2)
  Robin (D:2)
  2 adders (D:2)
  3 dart slugs
  2 orcs (D:3)
  4 ball pythons
  2 bats (D:2)
  4 endoplasms
  2 giant cockroaches
  14 goblins
  4 hobgoblins
  4 kobolds
  7 rats
  A spectral goblin (D:1)
51 creatures vanquished.

Notes
Turn   | Place    | Note
-------+----------+-------------------------------------------
     0 | D:1      | lonewolfV2 the Minotaur Fighter began the quest for the
                  | Orb.
     0 | D:1      | Reached XP level 1. HP: 19/19 MP: 0/0
   123 | D:1      | Found a faded altar of an unknown god.
   583 | D:1      | Reached XP level 2. HP: 22/27 MP: 1/1
   750 | D:1      | Found Itugeev's Antique Armour Emporium.
  1482 | D:2      | Noticed Terence
  1493 | D:2      | Killed Terence
  1494 | D:2      | Reached XP level 3. HP: 4/33 MP: 2/2
  1970 | D:2      | Reached XP level 4. HP: 31/40 MP: 3/3
  2297 | D:2      | Noticed Robin
  2311 | D:2      | Killed Robin
  2642 | D:3      | Noticed Grinder
  2647 | D:3      | Paralysed by Grinder for 6 turns
  2656 | D:3      | Gained mutation: Your flesh is heat resistant. (rF+)
                  | [potion of mutation]
  2656 | D:3      | Gained mutation: Your body sometimes deteriorates upon
                  | taking damage. [potion of mutation]
  2657 | D:3      | Paralysed by Grinder for 4 turns
  2657 | D:3      | HP: 2/40 [endoplasm (1)]
  2658 | D:3      | Slain by an orc wizard

Illustrated notes

Levels and vault maps discovered:
D:1:      dpeg_arrival_oval, layout_basic, serial_shops, nicolae_diamond_shop,
          dreamdust_ecumenical_altar_drowned_temple, minmay_3d_cube
D:2:      layout_loops_ring, hangedman_decor_growths, kennysheep_generic_room_9,
          uniq_robin, uniq_terence
D:3:      layout_rooms, marbit_many_paths, kiku_gazebo_garden_becter,
          uniq_grinder

Skill      XL: |  1  2 |
---------------+-------+-----
Armour         | 4 |  4.8
Fighting       | 4 |  4.2
Maces & Flails | 3 |  3.9
Shields        | 4 |  4.3
Dodging        | |  0.2

Action                   |  1- 3 |  4- 6 || total
-------------------------+-------+-------++-------
Melee: Flail             |    54 |       ||    54
       Headbutt          |    10 |     5 ||    15
       Mace              |    19 |    32 ||    51
  Use: Scroll            |     2 |       ||     2
       Potion            |       |     4 ||     4
Armor: Scale mail        |    24 |    45 ||    69
Dodge: Dodged            |    17 |    16 ||    33
Block: Kite shield       |    42 |    31 ||    73
